 Dungeon Crawl Stone Soup version 0.30-a0-852-g08b95dd62f (webtiles) character file.

Game seed: 5295348382317036831

5113 demibob the Basher (level 10, -2/65 HPs)
             Began as a Demonspawn Wanderer on Mar 4, 2023.
             Was a Follower of Uskayaw.
             Slain by a two-headed ogre
             ... wielding a +0 giant club
              (12 damage)
             ... on level 8 of the Dungeon.
             The game lasted 00:18:31 (8963 turns).

demibob the Basher (Demonspawn Wanderer)            Turns: 8963, Time: 00:18:32

Health: -2/65      AC: 19    Str: 20    XL:     10   Next: 32%
Magic:  11/11      EV:  9    Int: 14    God:    Uskayaw [*.....]
Gold:   437        SH:  4    Dex: 11    Spells: 10/11 levels left

rFire   . . .      SeeInvis .    a - +0 morningstar
rCold   . . .      Faith    .    (no shield)
rNeg    . . .      Spirit   .    v - +0 chain mail
rPois   .          Reflect  .    (no helmet)
rElec   .          Rampage  .    (no cloak)
rCorr   +                        (no gloves)
Will    .....                    (no boots) Stlth
                                 (no amulet)
HPRegen 0.30/turn                R - ring of resist corrosion
MPRegen 0.12/turn                (no ring)

@: sanguine armoured
A: demonic guardian 2, sanguine armour 2, condensation shield, weakness stinger
2, strong 1
a: Renounce Religion, Stomp


You were on level 8 of the Dungeon.
You worshipped Uskayaw.
Uskayaw was noncommittal.
You visited 2 branches of the dungeon, and saw 9 of its levels.

You collected 437 gold pieces.


Innate Abilities, Weirdness & Mutations

A demonic guardian rushes to your aid.
When seriously injured, your blood forms thick armour. (AC +9)
A meltable shield of frost defends you. (SH +4)
You have a tail ending in a sharp stinger.
Your muscles are strong. (Str +4, Int/Dex -1)


   Skills:
 - Level 1.0 Fighting
 + Level 11.8 Maces & Flails
 + Level 7.5 Armour
 - Level 3.6 Dodging
 - Level 1.0 Spellcasting
 - Level 1.0 Hexes
 - Level 2.0 Evocations


You had 10 spell levels left.
You knew the following spells:

 Your Spells              Type           Power      Damage    Failure   Level
s - Slow                  Hex            12%        N/A       80%         1

Your spell library contained the following spells:

 Spells                   Type           Power      Damage    Failure   Level
 Beastly Appendage        Tmut           0%         N/A       91%         1
 Ensorcelled Hibernation  Hex/Ice        4%         N/A       95%         2
 Passwall                 Tmut/Erth      0%         N/A       97%         2
 Sublimation of Blood     Necr           0%         N/A       97%         2
 Wereblood                Tmut           0%         N/A       97%         2
 Spider Form              Tmut/Pois      0%         N/A       99%         3
 Swiftness                Air            0%         N/A       99%         3
 Tukima's Dance           Hex            3%         N/A       99%         3
 Airstrike                Air            0%         2d(0-16)  100%        4
 Summon Lightning Spire   Summ/Air       0%         N/A       100%        4
 Lightning Bolt           Conj/Air       0%         1d11      100%        5
 Summon Hydra             Summ           0%         N/A       100%        7

Inventory:

Hand Weapons
 a - a +0 morningstar (weapon)
 u - a +0 mace
Missiles
 b - 3 throwing nets (quivered) {=f}
Armour
 e - a +0 helmet
 v - a +0 chain mail (worn)
Jewellery
 R - a ring of resist corrosion (left hand)
Wands
 k - a wand of digging (5)
 l - a wand of charming (4)
 p - a wand of flame (5)
 s - a wand of quicksilver (9)
Scrolls
 c - 4 scrolls of teleportation {@r2}
 d - 4 scrolls of blinking
 j - 2 scrolls of poison
 m - 3 scrolls of magic mapping
 w - a scroll of identify {@r1}
 x - a scroll of fog
 y - a scroll of amnesia
Potions
 f - 2 potions of magic
 g - 2 potions of brilliance
 h - a potion of degeneration
 n - a potion of ambrosia
 o - a potion of invisibility
 q - a potion of curing {@q1}
 r - a potion of resistance
 t - 3 potions of might

Dungeon Overview and Level Annotations

Branches:
Dungeon (8/15)             Temple (1/1) D:7
   Lair: D:8-11

Altars:
Fedhas
Uskayaw

Annotations:
D:4 2 transporters, tarna41's ghost, amateur MiBe

#.###.#......###..#.###
###...............#
................##
....▒▒▒▒▒▒▒.......#
▒...▒▒..▒..▒▒......#
▒▒.▒▒.▒▒.▒▒.▒▒...#..
▒▒▒..▒▒.▒▒..▒▒.##<.
▒.▒▒..▒..▒▒.▒.#...
...▒▒▒▒▒@▒▒..▒..▒▒.▒.#...
....{ogO▒4.▒▒.▒▒..▒▒....#
...▒▒▒▒▒.▒▒..▒..▒▒.▒...##
▒.▒▒..▒..▒▒.▒.....
▒..▒▒.▒▒..▒▒.....
▒▒.▒▒.▒▒.▒▒(.....
▒▒..▒..▒▒....... ▒▒▒)▒▒▒
..##### ▒▒.▒)▒.▒▒.


You could see a two-headed ogre (ally target), a gnoll sergeant, an orc priest
and a friendly rust devil (summoned, wandering).


Message History

Things that are here:
a +0 shortbow; a centaur skeleton An orc wizard comes into view.
It is wielding a +0 trident.
A two-headed ogre and a gnoll sergeant come into view.
The two-headed ogre shouts in stereo!
The gnoll sergeant shouts!
The orc wizard shouts!
You hear a bellow!
An orc priest comes into view. It is wielding a +0 hand axe.
The orc priest shouts!
A yak comes into view.
The orc wizard gestures at you while chanting.
The magic dart hits you.
You start resting.
A two-headed ogre is nearby!
The two-headed ogre hits you with a +0 giant club!
You block the two-headed ogre's attack.
You puncture the two-headed ogre!
The two-headed ogre is moderately wounded.
The gnoll sergeant hits you from afar with a +0 spear!
Your blood congeals into armour.
The orc priest calls down the wrath of Beogh upon you.
Beogh smites you!
* * * LOW HITPOINT WARNING * * *
The orc wizard gestures wildly while chanting.
The orc wizard flickers and vanishes!
Deactivating autopickup; reactivate with Ctrl-A.
The two-headed ogre hits you with a +0 giant club!
* * * LOW HITPOINT WARNING * * *
A demonic guardian appears!
The two-headed ogre hits you with a +0 giant club!
You die...

Skill      XL: |  1  2  3  4  5  6  7  8  9 10 |
---------------+-------------------------------+-----
Maces & Flails | 1 2 3 5 6 8 10 11 | 11.8
Armour         | 3 6 7 |  7.5
Fighting       | |  1.0
Dodging        | |  3.6
Spellcasting   | |  1.0
Hexes          | |  1.0
Evocations     | |  2.0

Action                     |  1- 3 |  4- 6 |  7- 9 | 10-12 || total
---------------------------+-------+-------+-------+-------++-------
  Melee: Club              |   224 |    66 |       |       ||   290
         Punch             |     2 |     2 |     3 |       ||     7
         Tailslap          |    23 |    22 |    45 |    11 ||   101
         Mace              |       |   138 |   283 |       ||   421
         Whip              |       |    24 |       |       ||    24
         Morningstar       |       |       |    32 |    80 ||   112
  Evoke: Wand              |       |       |     9 |       ||     9
    Use: Potion            |     2 |     2 |     3 |     3 ||    10
         Scroll            |     8 |     6 |     8 |       ||    22
   Stab: Paralysed         |       |     1 |    10 |     1 ||    12
         Distracted        |       |       |     1 |     1 ||     2
 Armour: Leather armour    |    53 |    63 |    48 |       ||   164
         Chain mail        |       |       |   122 |    31 ||   153
  Dodge: Dodged            |   155 |   138 |   200 |    35 ||   528
  Block: Other             |    16 |    37 |    54 |    12 ||   119

Levels and vault maps discovered:
D:1:      evilmike_arrival_home_sweet_home, layout_rooms
D:2:      layout_basic
D:3:      layout_basic, ebering_ecumenical_altar_hall
D:4:      layout_loops_ring, gammafunk_ghost_arena, grunt_ministairs_11,
          grunt_decor_resistance, uniq_menkaure
D:5:      layout_cave_pods, kennysheep_generic_room_16
D:6:      layout_cave_pools, uniq_grinder
D:7:      layout_rooms, minmay_temple_entry_gardened_gates, serial_undead,
          serial_undead_e, serial_undead_b, serial_undead_e, serial_undead_c,
          serial_undead_f, serial_undead_b, serial_undead_b, serial_undead_e,
          serial_undead_e, serial_undead_e, uniq_joseph
D:8:      minmay_the_grid_octo_2x2 [minmay_the_grid_octo_checkered,
          minmay_the_grid_octo_checkerflower, minmay_the_grid_octo_clover,
          minmay_the_grid_octo_prize_single_spiral], layout_cave_pools,
          serial_demonic, serial_demonic_b, serial_demonic_g, serial_demonic_e,
          serial_demonic_b, serial_park_tiny_pond, nicolae_shop_fire_sale
          [nicolae_sub_dead_trees], nicolae_take_the_stairs, solitary_fountain
Temple:   regret_index_temple_sigil_plot

Notes
Turn   | Place    | Note
-------+----------+-------------------------------------------
     0 | D:1      | demibob the Demonspawn Wanderer began the quest for the
                  | Orb.
     0 | D:1      | demibob set off with the following items: a +0 club, 2
                  | throwing nets {=f}, a scroll of teleportation {@r2}, a
                  | scroll of blinking, a +0 leather armour; and the following
                  | spell memorised: Slow; and the following spells available
                  | to memorise: Tukima's Dance.
     0 | D:1      | Reached XP level 1. HP: 15/15 MP: 2/2
   150 | D:1      | Reached skill level 1 in Maces & Flails
   167 | D:1      | Gained mutation: You have a small tail. [demonic ancestry]
   167 | D:1      | Reached XP level 2. HP: 4/21 MP: 3/3
   218 | D:1      | Reached skill level 2 in Maces & Flails
   507 | D:1      | Gained mutation: A meltable shield of frost defends you.
                  | (SH +4) [demonic ancestry]
   507 | D:1      | Reached XP level 3. HP: 18/26 MP: 4/4
   888 | D:2      | Reached skill level 3 in Maces & Flails
  2019 | D:3      | Gained mutation: A weak demonic guardian rushes to your
                  | aid. [demonic ancestry]
  2019 | D:3      | Reached XP level 4. HP: 26/32 MP: 5/5
  2574 | D:3      | Found a faded altar of an unknown god.
  2588 | D:3      | Prayed at the altar of an unknown god.
  2588 | D:3      | Became a worshipper of Uskayaw the Reveller
  2588 | D:3      | Reached * piety under Uskayaw
  2831 | D:3      | Reached skill level 4 in Maces & Flails
  2980 | D:4      | Noticed Menkaure
  3048 | D:4      | Reached ** piety under Uskayaw
  3053 | D:4      | Killed Menkaure
  3054 | D:4      | Reached skill level 5 in Maces & Flails
  3054 | D:4      | Gained mutation: When seriously injured, your blood forms
                  | armour. (AC +9) [demonic ancestry]
  3054 | D:4      | Reached XP level 5. HP: 37/37 MP: 6/6
  3475 | D:4      | Found a transporter.
  3475 | D:4      | Found a transporter.
  3475 | D:4      | Noticed tarna41's ghost (amateur MiBe)
  3631 | D:4      | Gained mutation: A demonic guardian rushes to your aid.
                  | [demonic ancestry]
  3631 | D:4      | Reached XP level 6. HP: 21/43 MP: 7/7
  3969 | D:5      | Entered Level 5 of the Dungeon
  4087 | D:5      | Reached *** piety under Uskayaw
  4091 | D:5      | Reached **** piety under Uskayaw
  4092 | D:5      | Reached skill level 6 in Maces & Flails
  4199 | D:5      | Gained mutation: You have a tail ending in a sharp stinger.
                  | [demonic ancestry]
  4199 | D:5      | Reached XP level 7. HP: 19/48 MP: 8/8
  4427 | D:5      | HP: 4/48 [ogre/+0 giant club (15)]
  4429 | D:5      | Reached skill level 7 in Maces & Flails
  4943 | D:5      | Noticed a kobold demonologist
  4946 | D:5      | Noticed a smoke demon
  4946 | D:5      | Noticed a sun demon
  5078 | D:5      | Identified a potion of resistance
  5079 | D:5      | Gained mutation: Your muscles are strong. (Str +4, Int/Dex
                  | -1) [potion of mutation]
  5100 | D:5      | Killed a kobold demonologist
  5101 | D:5      | Reached skill level 8 in Maces & Flails
  5101 | D:5      | Gained mutation: When seriously injured, your blood forms
                  | thick armour. (AC +9) [demonic ancestry]
  5101 | D:5      | Reached XP level 8. HP: 50/54 MP: 9/9
  5459 | D:5      | Reached skill level 9 in Maces & Flails
  5789 | D:6      | Noticed Grinder
  5791 | D:6      | Paralysed by Grinder for 4 turns
  5809 | D:6      | Killed Grinder
  5810 | D:6      | Reached skill level 2 in Armour
  5897 | D:6      | Reached skill level 3 in Armour
  6042 | D:6      | Reached skill level 10 in Maces & Flails
  6512 | D:7      | Noticed Joseph
  6523 | D:6      | Reached XP level 9. HP: 44/56 MP: 10/10
  6697 | D:6      | Reached skill level 4 in Armour
  7050 | D:7      | Found a staircase to the Ecumenical Temple.
  7078 | D:7      | Reached skill level 5 in Armour
  7081 | D:7      | Killed Joseph
  7130 | Temple   | Entered the Ecumenical Temple
  7499 | D:7      | Reached skill level 11 in Maces & Flails
  7564 | D:7      | Reached skill level 6 in Armour
  8075 | D:8      | Reached XP level 10. HP: 34/64 MP: 11/11
  8526 | D:8      | Reached skill level 7 in Armour
  8787 | D:8      | Noticed a gargoyle
  8803 | D:8      | Killed a gargoyle
  8954 | D:8      | Noticed a two-headed ogre
  8963 | D:8      | Slain by a two-headed ogre

Vanquished Creatures
  Joseph (D:7)
  A gargoyle (D:8)
  A kobold demonologist (D:5)
  Grinder (D:6)
  A wraith (D:8)
  A wyvern (D:8)
  2 steam dragons (D:7)
  Menkaure (D:4)
  A water moccasin (D:8)
  2 ice beasts
  2 hornet zombies (D:7)
  A black bear (D:6)
  4 ogres
  3 centaurs
  A kobold brigand (D:8)
  4 bullfrogs
  5 wights
  2 howler monkeys
  3 centaur zombies (D:7)
  A bullfrog zombie (D:7)
  An orc priest (D:8)
  2 jellies (D:8)
  6 hounds
  A gnoll bouda (D:7)
  2 iguanas
  2 sleepcaps
  2 killer bee zombies (D:7)
  A howler monkey zombie (D:7)
  8 adders
  4 gnolls
  A shadow imp (D:8)
  A white imp (D:6)
  2 ufetubi (D:8)
  2 worms (D:2)
  3 dart slugs
  10 orcs
  3 bats (D:1)
  10 endoplasms
  3 giant cockroaches
  7 goblins
  8 hobgoblins
  6 jackals
  11 kobolds
  3 quokkas
  9 ball pythons
  4 frilled lizards
  5 rats
155 creatures vanquished.

Vanquished Creatures (collateral kills)
  A water moccasin (D:7)
  An ice beast (D:8)
  A black bear (D:5)
  An ogre (D:5)
  A centaur (D:8)
  4 wights
  3 centaur zombies (D:7)
  A howler monkey zombie (D:7)
  An adder (D:5)
  A white imp (D:5)
  A worm (D:5)
16 creatures vanquished.

Vanquished Creatures (others)
  3 demonic plants (D:8)
  2 plants (D:7)
  6 withered plants (D:7)
11 creatures vanquished.

Grand Total: 182 creatures vanquished

Table legend: (Time is in decaauts)
 A = Elapsed time spent in this place.
 B = Non-inter-level travel time spent in this place.
 C = Inter-level travel time spent in this place.
 D = Time resting spent in this place.
 E = Time spent auto-exploring this place.
 F = Levels seen in this place.
 G = Mean time per level.
                   A        B        C        D        E       F      G
               +--------+--------+--------+--------+--------+-----+--------+
         Total |   9032 |   8698 |    334 |   1792 |   5295 |   9 | 1003.6 |
       Dungeon |   8909 |   8575 |    334 |   1671 |   5295 |   8 | 1113.6 |
        Temple |    122 |    122 |      0 |    121 |      0 |   1 |  122.0 |
               +--------+--------+--------+--------+--------+-----+--------+

Top non-repeatable levels by time:
     D:5: 1628 daAuts
     D:6: 1316 daAuts
     D:2: 1280 daAuts
     D:3: 1061 daAuts
     D:4: 992 daAuts
     D:7: 949 daAuts
     D:8: 936 daAuts
     D:1: 745 daAuts
  Temple: 122 daAuts

Table legend:
 A = Non-vault XP
 B = Vault XP
 C = Vault XP percentage of total XP
 D = Non-vault monster count
 E = Vault monster count
 F = Vault count percentage of total count
                 A         B        C        D         E       F
            +---------+---------+-------+---------+---------+-------
      Total |    4017 |    3288 |  45.0 |     128 |      43 |  25.1
            +---------+---------+-------+---------+---------+-------
        D:1 |      46 |       0 |   0.0 |      27 |       0 |   0.0
        D:2 |      47 |       0 |   0.0 |      17 |       0 |   0.0
        D:3 |      91 |       0 |   0.0 |      22 |       0 |   0.0
        D:4 |      23 |     219 |  90.5 |      13 |       7 |  35.0
        D:5 |    1336 |      89 |   6.2 |      18 |       3 |  14.3
        D:6 |     669 |     411 |  38.1 |      11 |       3 |  21.4
        D:7 |     985 |    1402 |  58.7 |      12 |      18 |  60.0
        D:8 |     820 |    1167 |  58.7 |       8 |      12 |  60.0
            +---------+---------+-------+---------+---------+-------
